 Dungeon Crawl Stone Soup version 0.20.1-1-g8b1a95d (webtiles) character file.

157 pomescollege the Poker (level 5, -2/38 HPs)
             Began as a Merfolk Skald on Dec 29, 2017.
             Killed by nerve-wracking pain
             ... invoked by an orc priest
              (11 damage)
             ... on level 3 of the Dungeon.
             The game lasted 00:10:21 (2658 turns).

pomescollege the Poker (Merfolk Skald)              Turns: 2658, Time: 00:10:21

Health: -2/38      AC:  3    Str: 11    XL:     5   Next: 38%
Magic:  5/8        EV: 13    Int: 13    God:
Gold:   145        SH:  0    Dex: 14    Spells: 2/8 levels left

rFire    . . .     SeeInvis .   a - +0 spear
rCold    . . .     Gourm    .   (no shield)
rNeg     . . .     Faith    .   b - +0 leather armour
rPois    .         Spirit   .   (no helmet)
rElec    .         Reflect  .   (no cloak)
rCorr    .         Harm     .   (no gloves)
MR       .....                  (no boots)
Stlth    +.........             (no amulet)
Regen    0.2/turn               (no ring)
MPRegen  0.2/turn               (no ring)

@: infused
A: change form in water, swift swim, stealthy swim
a: no special abilities


You were on level 3 of the Dungeon.
You were not hungry.

You visited 1 branch of the dungeon, and saw 4 of its levels.

You collected 145 gold pieces.

Inventory:

Hand Weapons
 a - a +0 spear (weapon)
Armour
 b - a +0 leather armour (worn)
 m - a +2 scale mail of cold resistance
Wands
 u - a wand of random effects (34/48)
Scrolls
 i - 2 scrolls of amnesia
 k - 2 scrolls of enchant armour
 l - a scroll of teleportation {unknown}
 n - 2 scrolls of remove curse {unknown}
 o - a scroll of fear {unknown}
 r - a scroll of fog {unknown}
 s - a scroll of blinking {unknown}
Potions
 f - 2 potions of might
 j - 2 potions of curing
 q - a potion of agility {unknown}
 t - a potion of heal wounds {unknown}
Books
 c - a book of Battle

   Spells                             Type                      Level
   a - Infusion                       Charms                       1
   b - Shroud of Golubria             Charms/Translocation         2
   c - Song of Slaying                Charms                       2
   d - Spectral Weapon                Hexes/Charms                 3
   e - Regeneration                   Charms/Necromancy            3
Comestibles
 d - 2 bread rations
 g - 6 meat rations
 p - 3 royal jellies


   Skills:
 + Level 2.1 Fighting
 + Level 5.9 Polearms
 - Level 0.6 Armour
 + Level 3.0 Dodging
 - Level 2.0 Spellcasting
 * Level 5.0 Charms


You had 2 spell levels left.
You knew the following spells:

 Your Spells              Type           Power        Failure   Level  Hunger
a - Infusion              Chrm           ##..         4%          1    ##.....
b - Song of Slaying       Chrm           ##......     6%          2    ###....
c - Spectral Weapon       Hex/Chrm       #.......     34%         3    ####...


Dungeon Overview and Level Annotations

Branches:
Dungeon (4/15)
 Temple: D:4-7

Altars:
Ashenzari
Zin
The Shining One

Shops:
D:3 *

Annotations:
D:2 Sigmund


Message History

The leopard gecko hisses angrily.
There is a stone staircase leading up here.
Casting: Infusion
Confirm with . or Enter, or press ? or * to list all spells.
You begin infusing your attacks with magical energy.
The jackal barks!
The orc priest calls down the wrath of Beogh upon you.
Beogh smites you!
* * * LOW HITPOINT WARNING * * *
The orc priest closely misses you.
You climb upwards.
There is a stone staircase leading down here.
You closely miss the orc priest. The orc priest barely misses you.
You hit the orc priest.
The orc priest is moderately wounded.
You hit the orc priest.
The orc priest is moderately wounded.
The orc priest mumbles some strange prayers to Beogh against you.
Pain shoots through your body!
You die...

### ####### ### #.######.#.#.#
#.# #.#......#.#<# #.#
#.#.####.#.#.# #.#
######.#......#.#.###.########
.......#.####.#..............#
######.#.####.#.#.###.######.##
##............#.#.#...........#
................@.....###.##.##
..............#o....#.##.....#
..........................####
........####........#.##..#
.####...............#.##..# .##
#...........).........# ..#
#..#####..##....#.##..# ..#
#..# #..##...##.##.## ### ####
#####..........##


You could see an orc priest.

Vanquished Creatures
  An orc wizard (D:3)
  6 adders
  2 oozes
  3 worms
  3 dart slugs
  3 orcs
  2 giant cockroaches (D:3)
  A goblin (D:1)
  7 hobgoblins
  7 jackals (D:3)
  6 kobolds
  A quokka (D:3)
  2 ball pythons
  2 bats
  8 rats
54 creatures vanquished.

Notes
Turn   | Place    | Note
-------+----------+-------------------------------------------
     0 | D:1      | pomescollege the Merfolk Skald began the quest for the Orb.
     0 | D:1      | Reached XP level 1. HP: 16/16 MP: 3/3
    41 | D:1      | Reached XP level 2. HP: 22/22 MP: 5/5
   484 | D:1      | Reached XP level 3. HP: 24/27 MP: 6/6
   563 | D:2      | Found a shattered altar of Ashenzari.
   694 | D:2      | Learned a level 2 spell: Song of Slaying
   698 | D:2      | Learned a level 3 spell: Spectral Weapon
   881 | D:2      | Noticed Sigmund
  1066 | D:2      | Reached XP level 4. HP: 33/33 MP: 3/7
  1521 | D:3      | Found a glowing golden altar of the Shining One.
  1612 | D:3      | Found Zin's Purification Station.
  1619 | D:3      | Found a glowing silver altar of Zin.
  1818 | D:3      | Reached skill level 5 in Polearms
  2339 | D:4      | Reached XP level 5. HP: 32/38 MP: 1/8
  2400 | D:3      | Reached skill level 5 in Charms
  2658 | D:3      | Killed from afar by an orc priest

Skill      XL: |  1  2  3  4  5 |
---------------+----------------+-----
Dodging        | 3 |  3.0
Charms         | 4 5 |  5.0
Polearms       | 4 5 |  5.9
Fighting       | |  2.1
Armour         | |  0.6
Spellcasting   | |  2.0

Action                   |  1- 3 |  4- 6 || total
-------------------------+-------+-------++-------
Melee: Spear             |   110 |   105 ||   215
 Cast: Infusion          |     7 |    15 ||    22
  Use: Scroll            |     2 |     4 ||     6
 Stab: Sleeping          |     1 |     1 ||     2
  Eat: Royal jelly       |     1 |       ||     1
       Chunk             |       |     4 ||     4
Armor: Leather armour    |    12 |    14 ||    26
Dodge: Dodged            |    53 |    54 ||   107
